AoeStats
← Taskyr

Arena

510190175Analyzed
1v1 RM · 4d ago on Sep 29, 2026· 55m 49s· 2 players
Game mode
Random Map
Map size
Tiny (2 player)
Population
200
Speed
Normal
Resources
Standard
Victory
Conquest
Starting age
Dark Age
Ending age
Imperial Age
RankedLock teamsTeams togetherTeam positionsShared explorationLock speedFull tech treeHidden civsTurbo modeCheats
Victory
Defeat
🇺🇸 Inca · United States
664
+17
🇦🇷 Goths · Argentina
682
-17
Taskyr
9:27 Loom
12:10 Feudal Age
13:07 Town Watch
13:55 Horse Collar
15:00 Champi Runner
17:44 Forging
17:34 Scale Mail Armor
19:27 Double-Bit Axe
23:36 Castle Age
24:07 Champi Warrior
24:33 Arson
24:50 Squires
25:28 Iron Casting
25:08 Chain Mail Armor
25:00 Heavy Plow
25:13 Bow Saw
28:31 Gold Mining
28:31 Stone Mining
28:39 Stone Mining
28:42 Pikeman
31:55 Wheelbarrow
31:22 Town Patrol
33:08 Fletching
33:43 Hand Cart
35:07 Andean Sling
35:19 Thumb Ring
39:47 Imperial Age
40:22 Elite Kamayuk
43:41 Ballistics
gillig_kc
11:09 Feudal Age
12:30 Wheelbarrow
15:24 Double-Bit Axe
19:31 Castle Age
22:12 Horse Collar
23:50 Bow Saw
25:20 Light Cavalry
28:21 Hand Cart
28:29 Gold Mining
28:31 Stone Mining
30:33 Pikeman
31:14 Squires
33:19 Scale Barding Armor
34:48 Bloodlines
34:38 Husbandry
35:46 Chain Barding Armor
35:27 Scale Mail Armor
35:37 Forging
35:18 Fletching
35:28 Padded Archer Armor
35:35 Anarchy
40:02 Imperial Age
37:54 Heavy Plow
39:38 Chain Mail Armor
39:19 Bodkin Arrow
39:40 Leather Archer Armor
40:36 Stone Shaft Mining
40:16 Elite Huskarl
40:58 Perfusion
40:20 Capped Ram
40:23 Halberdier
41:11 Hussar
47:47 Leather Archer Armor
47:33 Bracer
46:57 Heavy Scorpion
Connection lost

Rejoining the realm…

Still unreachable

The connection could not be restored.

Session expired

The server has moved on; the page needs a fresh start.